 Dungeon Crawl Stone Soup version 0.30.1-11-g7821555f0a (webtiles) character file.

Game seed: 6734081565020414974

711 Wiggles the Chopper (level 7, 0/63 HPs)
             Began as a Minotaur Berserker on Nov 25, 2023.
             Was a Priest of Trog.
             Slain by a gnoll
             ... wielding a +2 spear of flaming
              (3 damage)
             ... on level 4 of the Dungeon.
             The game lasted 00:05:22 (3473 turns).

Wiggles the Chopper (Minotaur Berserker)            Turns: 3473, Time: 00:05:22

Health: 0/63       AC: 11    Str: 23    XL:     7   Next: 40%
Magic:  6/6        EV:  9    Int:  4    God:    Trog [***...]
Gold:   155        SH:  0    Dex: 10    Spells: 6/6 levels left

rFire   . . .        a - +0 hand axe
rCold   . . .        (no shield)
rNeg    . . .        m - +0 chain mail
rPois   .            (helmet restricted)
rElec   .            (no cloak)
rCorr   .            (no gloves)
SInv    .            l - +0 pair of boots
Will    .....        (no amulet) Stlth
                     (no ring)
HPRegen 0.30/turn    (no ring)
MPRegen 0.10/turn

%: no passive effects
@: on berserk cooldown, slowed, invisible, very slow
A: horns 2, retaliatory headbutt
a: Renounce Religion, Berserk, Trog's Hand


You were on level 4 of the Dungeon.
You worshipped Trog.
Trog was most pleased with you.
You visited 1 branch of the dungeon, and saw 4 of its levels.

You collected 155 gold pieces.

Inventory:

Hand Weapons
 a - a +0 hand axe (weapon)
Armour
 l - a +0 pair of boots (worn)
 m - a +0 chain mail (worn)
Jewellery
 n - a +6 ring of intelligence
Scrolls
 b - a scroll of amnesia {unknown}
 c - 5 scrolls of teleportation {unknown}
 e - 6 scrolls of identify {unknown}
 f - 3 scrolls of blinking {unknown}
 g - a scroll of brand weapon {unknown}
 h - 2 scrolls of vulnerability {unknown}
 j - 2 scrolls of magic mapping {unknown}
 q - a scroll of fog {unknown}
Potions
 d - a potion of flight {unknown}
 i - 2 potions of invisibility
 k - 2 potions of curing {unknown}
 o - a potion of magic {unknown}
 p - 2 potions of attraction {unknown}
 r - a potion of haste
 s - a potion of resistance {unknown}
 t - 2 potions of might {unknown}
 u - a potion of lignification {unknown}


   Skills:
 + Level 6.0 Fighting
 + Level 6.9 Axes
 + Level 5.9 Armour
 + Level 3.1 Dodging
 + Level 0.5 Stealth


You had 6 spell levels left.
You didn't know any spells.
Your spell library was empty.

Dungeon Overview and Level Annotations

Branches:
Dungeon (4/15)
 Temple: D:4-7

Altars:

Shops:
D:1 *[[:


Innate Abilities, Weirdness & Mutations

You have a pair of horns on your head.
You reflexively headbutt those who attack you in melee.


Message History

a +0 halberd of freezing; a gnoll corpse You feel a strong urge to attack something.
The kobold brigand hits you but does no damage.
The orc hits you but does no damage.
Things that are here:
a +0 spear; a scroll labelled XAECOE YROSITHOH You are no longer berserk.
You are exhausted.
You feel yourself slow down. The orc hits you with a +0 hand axe.
* * * LOW HITPOINT WARNING * * *
The kobold brigand hits you with a +0 dagger.
* * * LOW HITPOINT WARNING * * *
Items here: ))))) [ ††††.
You hit the kobold brigand.
Your headbutt misses the kobold brigand.
The kobold brigand is almost dead.
You closely miss the orc.
The gnoll throws a silver boomerang.
The silver boomerang hits you.
* * * LOW HITPOINT WARNING * * *
x2 The kobold brigand barely misses you.
The orc hits you but does no damage.
You hit the kobold brigand.
You kill the kobold brigand!
Trog accepts your kill.
You hit the orc. The orc barely misses you. You furiously retaliate!
You headbutt the orc.
You kill the orc!
Trog accepts your kill. The gnoll barely misses you.
Your Fighting skill increases to level 6!
The gnoll hits you with a +0 falchion.
* * * LOW HITPOINT WARNING * * *
Items here: ( )) †.
It was a potion of invisibility.
You fade into invisibility!
The gnoll hits you but does no damage. x3
Things that are here:
a +1 war axe of electrocution; a +0 dagger; a +0 robe The gnoll barely misses you.
The gnoll throws a silver boomerang.
The gnoll hits you from afar with a +2 spear of flaming.
You die...

###############
#+#....'........#
#.#....###)##########
#.#....#?#.)g).......
#.###'##[#))g........
#......#$#@..........
#......#.+...........
#)########################
#.#..........:#....#......
#.'...).......'.).))......
#)#...........#.)..#......
#.))#############')''########
#...# ...................
##### ≈~~~~≈~.(..≈~~~~~≈~


You could see 2 gnolls.

Vanquished Creatures
  An ogre (D:4)
  A kobold brigand (D:4)
  2 hounds (D:4)
  4 orc priests
  A gnoll bouda (D:4)
  Natasha (D:4)
  2 orc wizards
  3 adders
  14 gnolls (D:4)
  An ufetubus (D:4)
  A worm (D:3)
  2 dart slugs (D:3)
  22 orcs
  6 ball pythons
  3 bats
  3 endoplasms
  2 giant cockroaches
  3 goblins
  6 hobgoblins
  3 jackals (D:4)
  3 quokkas
  5 frilled lizards
  3 kobolds
  2 rats
94 creatures vanquished.

Notes
Turn   | Place    | Note
-------+----------+-------------------------------------------
     0 | D:1      | Wiggles the Minotaur Berserker began the quest for the Orb.
     0 | D:1      | Reached XP level 1. HP: 19/19 MP: 0/0
     9 | D:1      | Noticed a killer bee
    10 | D:1      | Noticed a black bear
    10 | D:1      | Noticed a six-headed hydra
   215 | D:1      | Found Plog's General Store.
   309 | D:1      | Reached XP level 2. HP: 27/27 MP: 1/1
   312 | D:1      | Found Feivytama's Antique Armour Boutique.
   319 | D:1      | Noticed a walking divine tome
   329 | D:1      | Found Lesenlas's Book Boutique.
   331 | D:1      | Noticed a walking frostbound tome
   507 | D:1      | Found Zezeusm's Antique Armour Shoppe.
  1181 | D:2      | Reached XP level 3. HP: 31/33 MP: 2/2
  1828 | D:3      | Reached XP level 4. HP: 34/40 MP: 3/3
  1853 | D:3      | Reached ** piety under Trog
  1959 | D:3      | Reached skill level 5 in Axes
  2508 | D:4      | Noticed an ogre
  2514 | D:4      | Killed an ogre
  2515 | D:4      | Reached XP level 5. HP: 47/47 MP: 4/4
  2709 | D:4      | Reached XP level 6. HP: 53/53 MP: 5/5
  2728 | D:4      | Noticed Natasha
  2738 | D:4      | Killed Natasha
  2876 | D:4      | Reached skill level 5 in Armour
  3164 | D:4      | Reached skill level 5 in Fighting
  3390 | D:4      | Reached *** piety under Trog
  3456 | D:4      | Reached XP level 7. HP: 49/61 MP: 6/6
  3470 | D:4      | HP: 1/63 [gnoll/+0 falchion (5)]
  3473 | D:4      | Slain by a gnoll

Illustrated notes

Levels and vault maps discovered:
D:1:      onia_arrival_zoo_common, layout_basic, serial_shops,
          nicolae_shop_mannequins, shop, nicolae_shop_statue_plus,
          nicolae_shop_hallway_stairs, minmay_3d_cube
D:2:      layout_loops_corners
D:3:      layout_loops_ring, st_stairs_5
D:4:      lemuel_castle_with_subvaults [lemuel_castle_interior_carwin_1],
          layout_loops_ring, uniq_natasha

Skill      XL: |  1  2  3  4  5  6  7 |
---------------+----------------------+-----
Axes           | 4 5 6 |  6.9
Armour         | 3 4 5 |  5.9
Fighting       | 4 5 6 |  6.0
Dodging        | 3 |  3.1
Stealth        | |  0.5

Action                     |  1- 3 |  4- 6 |  7- 9 || total
---------------------------+-------+-------+-------++-------
  Melee: Hand axe          |    58 |   172 |     9 ||   239
         Headbutt          |     5 |    38 |     1 ||    44
         Punch             |       |     1 |       ||     1
 Invoke: Berserk           |       |     2 |       ||     2
    Use: Potion            |       |       |     1 ||     1
 Armour: Ring mail         |     9 |       |       ||     9
         Chain mail        |    13 |    81 |    11 ||   105
  Dodge: Dodged            |    37 |    75 |    13 ||   125
